 Dungeon Crawl Stone Soup version 0.28.0-53-g5a82cb258f (webtiles) character file.

Game seed: 942803684395222067

229 cbfl8 the Chopper (level 6, -1/48 HPs)
             Began as a Formicid Berserker on Aug 14, 2022.
             Was a Believer of Trog.
             Slain by a kobold brigand
             ... wielding a +0 dagger
              (5 damage)
             ... in a sewer.
             The game lasted 00:03:57 (3484 turns).

cbfl8 the Chopper (Formicid Berserker)              Turns: 3484, Time: 00:03:58

Health: -1/48      AC: 13    Str: 21    XL:     6   Next: 23%
Magic:  6/6        EV:  6    Int:  7    God:    Trog [**....]
Gold:   42         SH:  0    Dex: 12    Spells: 5/5 levels left

rFire   . . .      SeeInvis +   k - +0 war axe
rCold   . . .      Faith    .   (no shield)
rNeg    . . .      Spirit   .   l - +0 plate armour
rPois   .          Reflect  .   (helmet unavailable)
rElec   .          Harm     .   f - +1 cloak
rCorr   .          Rampage  .   (no gloves)
Will    ++...                   (no boots)
Stlth   ..........              (no amulet)
HPRegen 1.16/turn               (no ring)
MPRegen 0.10/turn               (no ring)

@: strong-willed (expiring), regenerating (expiring)
A: permanent stasis, dig shafts and tunnels, antennae 3, four strong arms
a: Dig, Renounce Religion, Trog's Hand


You were in a sewer.
You worshipped Trog.
Trog was pleased with you.
You visited 1 branch of the dungeon, and saw 3 of its levels.
You also visited: Sewer.

You collected 108 gold pieces.
You spent 66 gold pieces at shops.

Inventory:

Hand Weapons
 k - a +0 war axe (weapon)
Armour
 f - a +1 cloak (worn)
 l - a +0 plate armour (worn)
Scrolls
 a - a scroll of blinking
 e - 2 scrolls of enchant weapon
 g - 5 scrolls of noise
 i - a scroll of teleportation
 j - a scroll of immolation {unknown}
Potions
 b - a potion of cancellation {unknown}
 c - a potion of curing {unknown}
 d - 2 potions of attraction
 h - 2 potions of lignification {unknown}
 m - a potion of invisibility {unknown}
 o - a potion of magic {unknown}


   Skills:
 * Level 4.2 Fighting
 * Level 5.0 Axes
 + Level 2.4 Armour
 * Level 2.6 Dodging
 + Level 0.8 Stealth
 * Level 1.7 Evocations


You had 5 spell levels left.
You didn't know any spells.
Your spell library was empty.

Dungeon Overview and Level Annotations

Branches:
Dungeon (3/15)              Sewer (1/1)

Altars:
Trog
Uskayaw

Shops:
D:3 ?


Innate Abilities, Weirdness & Mutations

You cannot be hasted, slowed, berserked, paralysed or teleported.
You can dig through walls and to a lower floor.
You have a pair of large antennae on your head. (SInv)
Your four strong arms can wield two-handed weapons with a shield.


Message History

You miss the kobold.
You feel sick. The kobold hits you with a +0 club.
The kobold brigand hits you with a +0 dagger.
The kobold hits you with a +0 short sword.
* * * LOW HITPOINT WARNING * * *
The kobold hits you but does no damage.
Unknown command.
You closely miss the kobold brigand. You hit the kobold.
You kill the kobold!
Trog accepts your kill.
You hit the kobold.
You kill the kobold!
Trog accepts your kill.
You feel sick.
The kobold brigand hits you with a +0 dagger.
* * * LOW HITPOINT WARNING * * *
You barely miss the kobold brigand.
You feel sick.
The kobold brigand hits you but does no damage. x2
Unknown command.
You barely miss the kobold brigand.
You feel sick.
The kobold brigand hits you with a +0 dagger.
* * * LOW HITPOINT WARNING * * *
Unknown command.
You slash the kobold brigand!
The kobold brigand is heavily wounded.
You feel sick.
The kobold brigand completely misses you.
You barely miss the kobold brigand.
The kobold brigand is heavily wounded.
You feel the effects of Trog's Hand fading.
You feel sick.
You are no longer poisoned.
The kobold brigand hits you with a +0 dagger.
* * * LOW HITPOINT WARNING * * *
You slash the kobold brigand!
The kobold brigand is almost dead.
The kobold brigand barely misses you.
You completely miss the kobold brigand.
The kobold brigand is almost dead.
The kobold brigand hits you with a +0 dagger.
You die...

# ## .## ##########
..####.....##.#
.....P........########
................#[.?!#####
................')...#.∩.#
≈......P..≈≈≈≈..@K.∩.#.∩.#
≈≈........≈≈≈≈P.#)...#...#
############≈≈########'###
≈≈≈≈≈≈≈≈≈≈≈≈≈≈≈≈≈≈≈≈≈≈≈≈≈#
≈≈≈≈≈≈≈≈≈≈≈≈≈≈≈≈≈≈≈≈≈≈≈≈≈#
≈≈≈≈≈≈≈≈≈≈≈≈≈≈≈≈≈≈≈≈≈≈≈≈≈#
######≈≈≈#################
...P≈≈P≈≈≈≈≈....#....#
..P≈≈..≈≈≈≈.....'..∩.#


You could see a kobold brigand.

Vanquished Creatures
  A kobold brigand (Sewer)
  7 adders
  A river rat (D:3)
  2 worms
  2 dart slugs
  An orc (D:3)
  6 ball pythons
  5 bats
  6 endoplasms
  5 giant cockroaches
  A goblin (D:1)
  4 hobgoblins
  3 jackals (D:2)
  16 kobolds
  2 quokkas
  3 frilled lizards
  13 rats
78 creatures vanquished.

Vanquished Creatures (others)
  A plant (Sewer)
1 creature vanquished.

Grand Total: 79 creatures vanquished

Notes
Turn   | Place    | Note
-------+----------+-------------------------------------------
     0 | D:1      | cbfl8 the Formicid Berserker began the quest for the Orb.
     0 | D:1      | Reached XP level 1. HP: 18/18 MP: 1/1
   226 | D:1      | Reached XP level 2. HP: 22/24 MP: 2/2
  1159 | D:2      | Reached XP level 3. HP: 28/29 MP: 3/3
  1620 | D:2      | Reached XP level 4. HP: 37/37 MP: 4/4
  1730 | D:2      | Reached skill level 4 in Axes
  2067 | D:2      | Reached skill level 1 in Evocations
  2535 | D:3      | Found Wegud's Magic Scroll Shoppe.
  2541 | D:3      | Bought 3 scrolls of identify for 66 gold pieces
  2582 | D:3      | Reached ** piety under Trog
  2583 | D:3      | Reached XP level 5. HP: 42/42 MP: 5/5
  2584 | D:3      | Found a bloodstained altar of Trog.
  2658 | D:3      | Found a hide-covered altar of Uskayaw.
  2658 | D:3      | Noticed a +0 dagger
  2658 | D:3      | Noticed a +0 hand axe
  2693 | D:3      | Found a glowing drain.
  2724 | Sewer    | Entered a sewer
  3073 | Sewer    | Noticed a kobold brigand
  3092 | Sewer    | Killed a kobold brigand
  3093 | Sewer    | Reached skill level 5 in Axes
  3093 | Sewer    | Reached XP level 6. HP: 9/48 MP: 6/6
  3482 | Sewer    | HP: 1/48 [kobold brigand/+0 dagger (3)]
  3484 | Sewer    | Slain by a kobold brigand

Illustrated notes

Levels and vault maps discovered:
D:1:      minmay_arrival_cross, layout_basic
D:2:      layout_basic, supply_closet_lemuel
D:3:      layout_basic, trog_book, dancing_weapons_uskayaw,
          cheibrodos_ashenzari_chains, portal_sewer_entry_a, serial_shops,
          shop_scrolls, shop, minmay_randomly_rotated_circles
Sewer:    kennysheep_pipe_town

Skill      XL: |  1  2  3  4  5 |
---------------+----------------+-----
Dodging        | 2 |  2.6
Axes           | 4 5 |  5.0
Evocations     | 1 |  1.7
Fighting       | 4 |  4.2
Armour         | |  2.4
Stealth        | |  0.8

Action                   |  1- 3 |  4- 6 || total
-------------------------+-------+-------++-------
Melee: Hand axe          |    78 |    25 ||   103
       War axe           |       |   124 ||   124
       Punch             |       |     1 ||     1
Invok: Trog's Hand       |       |     2 ||     2
  Use: Scroll            |       |     6 ||     6
 Stab: Sleeping          |     2 |     1 ||     3
Armor: Animal skin       |     3 |       ||     3
       Leather armour    |    24 |    22 ||    46
       Plate armour      |       |    98 ||    98
Dodge: Dodged            |    45 |    82 ||   127
